 Dungeon Crawl Stone Soup version 0.30.1-3-gfc49f6343a (webtiles) character file.

Game seed: 10942879083583995004

105 Descartes the Digger (level 4, -14/24 HPs)
             Began as a Gargoyle Earth Elementalist on Aug 9, 2023.
             Killed by divine providence
             ... invoked by an orc priest
              (17 damage)
             ... on level 3 of the Dungeon.
             The game lasted 00:04:08 (2156 turns).

Descartes the Digger (Gargoyle Earth Elementalist)  Turns: 2156, Time: 00:04:08

Health: -14/24     AC: 11    Str: 13    XL:     4   Next: 83%
Magic:  0/7        EV: 10    Int: 16    God:
Gold:   93         SH:  0    Dex: 10    Spells: 6/7 levels left

rFire   . . .        g - +0 dagger
rCold   . . .        (no shield)
rNeg    + . .        d - +0 ring mail
rPois   ∞            (no helmet)
rElec   +            (no cloak)
rCorr   +            k - +1 pair of gloves
SInv    .            (no boots)
Will    .....        (no amulet)
Stlth   +            c - ring of resist corrosion
HPRegen 0.24/turn    (no ring)
MPRegen 0.10/turn

%: no passive effects
@: no status effects
A: sickness immunity, AC +3, negative energy resistance 1, electricity
resistance, torment resistance 1, petrification resistance
a: no special abilities


You were on level 3 of the Dungeon.
You visited 1 branch of the dungeon, and saw 3 of its levels.

You collected 93 gold pieces.

Inventory:

Hand Weapons
 g - a +0 dagger (weapon)
Missiles
 j - 3 atropa-tipped darts
 m - a throwing net
 p - 3 poisoned darts
 r - 4 silver boomerangs
Armour
 a - a +0 robe
 d - a +0 ring mail (worn)
 k - a +1 pair of gloves (worn)
 s - the +0 robe of Curiosity {-Tele Str+3}
   (You found it on level 2 of the Dungeon)

   Str:       It affects your strength (+3).
   -Tele:     It prevents most forms of teleportation.
Jewellery
 c - a ring of resist corrosion (left hand)
Scrolls
 e - a scroll of enchant armour {unknown}
 f - 4 scrolls of identify {unknown}
 i - a scroll of blinking {unknown}
 n - 2 scrolls of fear {unknown}
 o - a scroll of torment {unknown}
Potions
 b - a potion of magic
 h - a potion of ambrosia {unknown}
 l - a potion of attraction {unknown}
 q - a potion of curing {unknown}


   Skills:
 * Level 2.2 Armour
 - Level 1.5 Dodging
 - Level 2.1 Stealth
 + Level 2.4 Spellcasting
 + Level 1.4 Transmutations
 * Level 4.6 Earth Magic
 + Level 1.1 Evocations


You had 6 spell levels left.
You knew the following spells:

 Your Spells              Type           Power      Damage    Failure   Level
a - Sandblast             Erth           32%        2d9       6%          1

Your spell library contained the following spells:

 Spells                   Type           Power      Damage    Failure   Level
 Passwall                 Tmut/Erth      9%         N/A       19%         2
 Stone Arrow              Conj/Erth      18%        3d8       43%         3
 Lesser Beckoning         Tloc           2%         N/A       54%         2
 Petrify                  Tmut/Erth      11%        N/A       75%         4
 Gell's Gravitas          Tloc           1%         N/A       77%         3
 Teleport Other           Tloc           1%         N/A       77%         3


Dungeon Overview and Level Annotations

Branches:
Dungeon (3/15)

Altars:


Innate Abilities, Weirdness & Mutations

You are immune to sickness and miasma.
Your stone body is resilient. (AC +3)
You are immune to poison.
You resist negative energy. (rN+)
You are resistant to electric shocks. (rElec)
You are resistant to unholy torment.
You are immune to petrification.


Message History

* * * LOW HITPOINT WARNING * * *
You completely miss the orc priest.
The orc priest is heavily wounded.
The orc priest hits you but does no damage.
You hit the orc priest but do no damage.
The orc priest is heavily wounded.
The orc priest barely misses you.
You hit the orc priest but do no damage.
The orc priest is heavily wounded.
The orc priest looks satisfied for a moment.
You hit the orc priest but do no damage.
The orc priest is heavily wounded.
The orc priest closely misses you.
You hit the orc priest but do no damage.
The orc priest is heavily wounded.
The orc priest hits you with a +0 club.
* * * LOW HITPOINT WARNING * * *
Casting: Sandblast (safe; 6% risk of failure)
Confirm with . or Enter, or press ? or * to list all spells.
Aiming: Sandblast (safe; 6% risk of failure)
Press: ? - help, Shift-Dir - straight line, f/p - orc priest
Aim: an orc priest, wielding a +0 club and wearing a +0 ring mail (heavily wounded, 84% to hit)
The blast of sand hits the orc priest but does no damage.
The orc priest is heavily wounded.
The orc priest barely misses you.
The orc priest calls down the wrath of Beogh upon you.
You barely resist. You closely miss the orc priest.
The orc priest is heavily wounded.
The orc priest barely misses you.
You barely miss the orc priest.
The orc priest is heavily wounded.
The orc priest hits you with a +0 club.
* * * LOW HITPOINT WARNING * * *
You hit the orc priest but do no damage.
The orc priest is heavily wounded.
The orc priest mumbles some strange prayers to Beogh against you.
Beogh smites you!
Ouch! That really hurt!
You die...

#####.#.#......#.# #####
......#.#......#.######.....#
####..#.###.##.#..o..o'.....#
#....#.....#....######o....#
#.#.########..#...# .....
#.#.# #..).#.### o...
#.#.######.##.#.# ...
#...........<.#.# .J
#.########.####@# .
##.#....#.......o###.#
......#.#.#.####.....#
##..#.#.#.#.##....####
#........#.##....#
#....#...#.##..>.#
#....###.#.##....+
#..........##....#
#...####.#########


You could see an orc priest.

Vanquished Creatures
  Jessica (D:2)
  3 adders
  A worm (D:2)
  4 orcs (D:2)
  3 ball pythons
  3 bats
  3 endoplasms
  2 giant cockroaches (D:1)
  6 goblins
  3 hobgoblins
  3 jackals (D:3)
  3 kobolds
  A quokka (D:3)
  2 frilled lizards
  6 rats
44 creatures vanquished.

Notes
Turn   | Place    | Note
-------+----------+-------------------------------------------
     0 | D:1      | Descartes the Gargoyle Earth Elementalist began the quest
                  | for the Orb.
     0 | D:1      | Reached XP level 1. HP: 10/10 MP: 3/3
   265 | D:1      | Reached XP level 2. HP: 14/15 MP: 0/5
   332 | D:1      | Reached skill level 1 in Transmutations
   526 | D:1      | Reached skill level 1 in Armour
   563 | D:1      | Reached skill level 4 in Earth Magic
   720 | D:2      | Noticed Jessica
   723 | D:2      | Killed Jessica
   724 | D:2      | Reached XP level 3. HP: 19/19 MP: 2/6
   970 | D:2      | Reached XP level 4. HP: 24/24 MP: 5/7
  1002 | D:2      | Found a faded altar of an unknown god.
  1308 | D:2      | Identified the +0 robe of Curiosity {-Tele Str+3}
  1758 | D:3      | Reached skill level 1 in Evocations
  2156 | D:3      | Killed from afar by an orc priest

Illustrated notes

Levels and vault maps discovered:
D:1:      dpeg_arrival_arbitrary_b, layout_basic, minmay_unequal
D:2:      layout_loops_cross, shapermc_ecumenical_altar_venn, uniq_jessica
D:3:      layout_basic

Skill      XL: |  1  2  3  4 |
---------------+-------------+-----
Transmutations | 1 |  1.4
Armour         | 1 2 |  2.2
Earth Magic    | 4 |  4.6
Evocations     | 1 |  1.1
Dodging        | |  1.5
Stealth        | |  2.1
Spellcasting   | |  2.4

Action                     |  1- 3 |  4- 6 || total
---------------------------+-------+-------++-------
  Melee: Dagger            |       |    13 ||    13
   Cast: Sandblast         |    34 |    48 ||    82
 Armour: Ring mail         |     7 |    20 ||    27
  Dodge: Dodged            |     8 |    24 ||    32
